 Dungeon Crawl Stone Soup version 0.30-a0-1157-g2cc9ac7196 (webtiles) character file.

Game seed: 11668123668903271942

1046 iamoutofideas the Cleaver (level 8, -17/63 (67) HPs)
             Began as a Hill Orc Monk on Apr 24, 2023.
             Was a Believer of Makhleb.
             Demolished by a wight
             ... wielding a +3 great sword
              (18 damage)
             ... on level 6 of the Dungeon.
             The game lasted 00:05:58 (6281 turns).

iamoutofideas the Cleaver (Hill Orc Monk)           Turns: 6281, Time: 00:05:59

HP:   -17/63 (67)   AC:  7    Str: 16    XL:     8   Next: 25%
MP:   8/8           EV: 11    Int: 10    God:    Makhleb [**....]
Gold: 255           SH:  0    Dex: 13    Spells: 7/7 levels left

rFire   . . .        a - +0 hand axe
rCold   . . .        d - orb {light}
rNeg    . . .        e - +0 ring mail
rPois   .            (no helmet)
rElec   .            (no cloak)
rCorr   .            k - +1 pair of gloves
SInv    .            (no boots)
Will    .....        (no amulet)
Stlth   +            (no ring)
HPRegen 0.30/turn    (no ring)
MPRegen 0.11/turn

%: no passive effects
@: glowing, drained
A: no striking features
a: Renounce Religion, Minor Destruction


You were on level 6 of the Dungeon.
You worshipped Makhleb.
Makhleb was pleased with you.
You visited 2 branches of the dungeon, and saw 7 of its levels.
You also visited: Sewer.

You collected 255 gold pieces.

Inventory:

Hand Weapons
 a - a +0 hand axe (weapon)
Armour
 d - an orb of light (worn)
 e - a +0 ring mail (worn)
 k - a +1 pair of gloves (worn)
Wands
 o - a wand of polymorph (8)
 t - a wand of mindburst (17)
Scrolls
 b - a scroll of fear
 g - a scroll of amnesia
 i - 2 scrolls of teleportation
 j - 3 scrolls of blinking
 r - 2 scrolls of immolation {unknown}
 s - a scroll of enchant weapon {unknown}
 u - a scroll of noise {unknown}
Potions
 c - a potion of ambrosia
 h - 2 potions of might
 l - 6 potions of flight
 m - a potion of curing
 n - 4 potions of cancellation
 p - a potion of brilliance {unknown}
 q - 4 potions of attraction


   Skills:
 + Level 4.9 Fighting
 * Level 11.1 Axes
 + Level 3.3 Armour
 + Level 3.1 Dodging


You had 7 spell levels left.
You didn't know any spells.
Your spell library contained the following spells:

 Spells                   Type           Power      Damage    Failure   Level
 Sting                    Tmut/Pois      0%         1d3       56%         1
 Poisonous Vapours        Pois/Air       0%         N/A       71%         2
 Static Discharge         Conj/Air       0%         2-2/arc   71%         2
 Airstrike                Air            0%         2d(0-16)  100%        4
 Olgreb's Toxic Radiance  Pois           0%         N/A       100%        4
 Summon Lightning Spire   Summ/Air       0%         N/A       100%        4


Dungeon Overview and Level Annotations

Branches:
Dungeon (6/15)             Temple (1/1) D:5           Sewer (visited)

Altars:
Ashenzari
Cheibriados
Dithmenos
Elyvilon
Fedhas
Hepliaklqana
Kikubaaqudgha
Makhleb
Nemelex Xobeh
Okawaru
Ru
Sif Muna
Trog
Uskayaw
Vehumet
Wu Jian
Xom
Yredelemnul
Zin


Message History

The wight is heavily damaged.
You hit the wight but do no damage.
The wight is moderately damaged.
You hit the wight but do no damage. The wight hits you but does no damage.
The wight hits you with a +3 great sword!
You hit the wight.
The wight is heavily damaged.
You hit the wight. You hit the wight.
The wight is heavily damaged.
You hit the wight but do no damage. The wight hits you but does no damage.
The wight barely misses you.
You hit the wight but do no damage.
The wight is heavily damaged.
You hit the wight but do no damage. The wight closely misses you.
The wight hits you with a +3 great sword.
You hit the wight but do no damage.
The wight is heavily damaged.
You hit the wight.
The wight hits you with a +3 short sword.
The wight hits you with a +3 great sword.
You hit the wight but do no damage.
The wight is heavily damaged.
You hit the wight. You hit the wight but do no damage.
The wight is heavily damaged.
You hit the wight but do no damage.
The wight hits you with a +3 short sword!
You feel drained.
* * * LOW HITPOINT WARNING * * *
The wight hits you with a +3 great sword!
* * * LOW HITPOINT WARNING * * *
The wight attacks as you move away!
The wight hits you with a +3 short sword.
* * * LOW HITPOINT WARNING * * *
You feel drained.
* * * LOW HITPOINT WARNING * * *
The wight attacks as you move away!
The wight hits you with a +3 great sword!!
You die...

.#......##.......##......#.#.##.#
.#.......#.......#.......#.#.##.#
.'.......####+####.......+.#.##).
.#.......#.......#.......#.#.#..#
.#......##.......##......#.#....#
.#......'......†..'......#.#.#.##
####...##.........##...###.#...#
...#'#.#...........#.#+#.....####
.....#####....)z@#####...........
.......#.#+#...#z#.#.............
......##...#####z..##............
......'......#......+............
.....##......#......##...........
.....#.......#.......#...........
#'####.......+.......#...........
.....#.......#.......#...........
.....##......#......##.#.........


You could see 3 wights.

Vanquished Creatures
  An ice beast (D:5)
  A phantom (D:5)
  3 scorpions
  A wight (D:6)
  3 hounds
  2 jellies
  2 orc priests (D:5)
  2 sleepcaps
  2 orc wizards (D:5)
  An iguana (D:6)
  11 adders
  6 river rats
  2 shadow imps
  An ufetubus (D:5)
  5 worms
  2 dart slugs
  10 orcs
  5 endoplasms
  5 giant cockroaches
  8 goblins
  12 hobgoblins
  5 jackals (Sewer)
  8 kobolds
  8 quokkas
  10 ball pythons
  14 bats
  7 frilled lizards
  7 rats
  A spectral kobold (D:1)
  A butterfly (D:1)
146 creatures vanquished.

Vanquished Creatures (others)
  3 plants
3 creatures vanquished.

Grand Total: 149 creatures vanquished

Notes
Turn   | Place    | Note
-------+----------+-------------------------------------------
     0 | D:1      | iamoutofideas the Hill Orc Monk began the quest for the
                  | Orb.
     0 | D:1      | Reached XP level 1. HP: 19/19 MP: 1/1
    32 | D:1      | Found a faded altar of an unknown god.
   118 | D:1      | Reached XP level 2. HP: 22/26 MP: 2/2
   472 | D:1      | Reached skill level 5 in Axes
   695 | D:1      | Reached XP level 3. HP: 28/33 MP: 3/3
  1062 | D:2      | Reached skill level 6 in Axes
  1197 | D:2      | Reached XP level 4. HP: 39/40 MP: 4/4
  1558 | D:3      | Found a broken altar of Ashenzari.
  1562 | D:3      | Saw a vision of the Shoals and the Spider Nest.
  1562 | D:3      | Noticed a culicivora
  1562 | D:3      | Noticed a redback
  1562 | D:3      | Noticed a boulder beetle
  1562 | D:3      | Noticed a water nymph
  1562 | D:3      | Noticed a sea snake
  1562 | D:3      | Noticed an entropy weaver
  1562 | D:3      | Noticed a moth of wrath
  1562 | D:3      | Noticed a merfolk siren
  1562 | D:3      | Noticed a redback
  1562 | D:3      | Noticed a merfolk siren
  1562 | D:3      | Noticed a merfolk
  1562 | D:3      | Noticed a culicivora
  1562 | D:3      | Noticed a jumping spider
  1562 | D:3      | Noticed a water elemental
  1562 | D:3      | Noticed a culicivora
  1562 | D:3      | Noticed a jumping spider
  1562 | D:3      | Noticed a merfolk siren
  1562 | D:3      | Noticed a tarantella
  1563 | D:3      | Noticed a sea snake
  1563 | D:3      | Noticed a steelbarb worm
  1564 | D:3      | Noticed a harpy
  1564 | D:3      | Noticed an orb spider
  1670 | D:3      | Found a glowing drain.
  1689 | D:3      | Reached skill level 7 in Axes
  1813 | Sewer    | Entered a sewer
  1826 | Sewer    | Reached XP level 5. HP: 45/46 MP: 5/5
  2283 | Sewer    | Reached skill level 8 in Axes
  2641 | D:3      | Reached XP level 6. HP: 52/52 MP: 6/6
  3320 | D:4      | Reached skill level 1 in Armour
  3535 | D:4      | Reached skill level 9 in Axes
  3688 | D:5      | Entered Level 5 of the Dungeon
  3698 | D:5      | Noticed an ice beast
  3699 | D:5      | Found a staircase to the Ecumenical Temple.
  3723 | D:5      | Killed an ice beast
  3724 | D:5      | Reached XP level 7. HP: 32/60 MP: 7/7
  3845 | Temple   | Entered the Ecumenical Temple
  4035 | Temple   | Became a worshipper of Makhleb the Destroyer
  4035 | Temple   | Reached * piety under Makhleb
  4035 | Temple   | Reached ** piety under Makhleb
  4156 | D:5      | Reached skill level 10 in Axes
  5728 | D:6      | Found a sacrificial altar of Ru.
  5780 | D:6      | Reached XP level 8. HP: 65/67 MP: 8/8
  6171 | D:6      | Reached skill level 11 in Axes
  6281 | D:6      | HP: 3/65 [wight/+3 short sword (5)]
  6281 | D:6      | HP: 1/63 [wight/+3 short sword (2)]
  6281 | D:6      | Demolished by a wight

Illustrated notes

Levels and vault maps discovered:
D:1:      minmay_arrival_up_and_down, layout_loops_cross,
          dreamdust_ecumenical_altar_drowned_temple, minmay_misc_feat_diagonals,
          dreamdust_princess_bridge, hangedman_glass_garden
D:2:      layout_rooms, grunt_ministairs_9
D:3:      layout_loops_ring, grunt_ashenzari_visionary
          [grunt_ashenzari_visionary_shoals, grunt_ashenzari_visionary_spider],
          portal_sewer_entry_a
D:4:      layout_gridville
D:5:      layout_layer_cave, minmay_temple_entry_drinking_statues,
          chequers_big_river
D:6:      nicolae_cairo_tiling_very_big, layout_rooms, nicolae_ru_awakened_eye,
          serial_glass, glass_columns_b, glass_columns_b
Temple:   bh_familiar_temple

Skill      XL: |  1  2  3  4  5  6  7  8 |
---------------+-------------------------+-----
Axes           | 5 6 7 8 9 10 11 | 11.1
Fighting       | 4 |  4.9
Armour         | 2 3 |  3.3
Dodging        | 3 |  3.1

Action                     |  1- 3 |  4- 6 |  7- 9 || total
---------------------------+-------+-------+-------++-------
  Melee: Hand axe          |   125 |   293 |   140 ||   558
    Use: Scroll            |       |    11 |     1 ||    12
         Potion            |       |     1 |     1 ||     2
 Armour: Robe              |    27 |    14 |       ||    41
         Ring mail         |       |   104 |    26 ||   130
  Dodge: Dodged            |    82 |   178 |    77 ||   337

Table legend: (Time is in decaauts)
 A = Elapsed time spent in this place.
 B = Non-inter-level travel time spent in this place.
 C = Inter-level travel time spent in this place.
 D = Time resting spent in this place.
 E = Time spent auto-exploring this place.
 F = Levels seen in this place.
 G = Mean time per level.
                   A        B        C        D        E       F      G
               +--------+--------+--------+--------+--------+-----+--------+
         Total |   6406 |   6153 |    253 |    543 |   4501 |   8 |  800.8 |
       Dungeon |   5301 |   5091 |    210 |    447 |   3765 |   6 |  883.5 |
        Temple |    207 |    164 |     43 |      0 |    160 |   1 |  207.0 |
         Sewer |    897 |    897 |      0 |     96 |    575 |   1 |  897.0 |
               +--------+--------+--------+--------+--------+-----+--------+

Top non-repeatable levels by time:
     D:5: 1822 daAuts
     D:1: 903 daAuts
   Sewer: 897 daAuts
     D:3: 829 daAuts
     D:2: 651 daAuts
     D:4: 557 daAuts
     D:6: 538 daAuts
  Temple: 207 daAuts
